AoeStats
← Blazing Cartesia, The Virtuous

Arabia

507443872Analyzed
1v1 RM · 14d ago on Sep 18, 2026· 40m 57s· 2 players
Game mode
Random Map
Map size
Tiny (2 player)
Population
200
Speed
Normal
Resources
Standard
Victory
Conquest
Starting age
Dark Age
Ending age
Imperial Age
RankedLock teamsTeams togetherTeam positionsShared explorationLock speedFull tech treeHidden civsTurbo modeCheats
Victory
Defeat
1146
+18
🇻🇳 Vikings · Vietnam
1179
-18
Blazing Cartesia, The Virtuous
6:32 Loom
9:40 Feudal Age
10:10 Double-Bit Axe
12:25 Fletching
14:01 Padded Archer Armor
19:52 Castle Age
19:07 Gold Mining
19:17 Horse Collar
19:50 Bloodlines
20:55 Bow Saw
21:37 Elite Skirmisher
23:34 Bodkin Arrow
26:17 Ballistics
26:51 Heavy Plow
27:02 Stone Mining
30:50 Gold Shaft Mining
35:47 Imperial Age
34:44 Scale Barding Armor
34:50 Forging
37:14 Siege Engineers
38:08 Chain Barding Armor
39:06 Elite Keshik
40:06 Conscription
41:24 Wheelbarrow
41:46 Timurid Siegecraft
pnduyphong
2:39 Loom
10:10 Feudal Age
14:56 Fletching
16:41 Double-Bit Axe
18:04 Town Watch
18:12 Gold Mining
24:23 Castle Age
22:52 Padded Archer Armor
25:01 Bodkin Arrow
24:27 Crossbowman
26:29 Leather Archer Armor
28:17 Ballistics
31:36 Bow Saw
36:16 Imperial Age
34:13 Light Cavalry
37:01 Arbalester
38:11 Bracer
40:42 Chemistry
Connection lost

Rejoining the realm…

Still unreachable

The connection could not be restored.

Session expired

The server has moved on; the page needs a fresh start.